 Dungeon Crawl Stone Soup version 0.28-a0-1080-g05a166d0ed (webtiles) character file.

Game seed: 15158693493967012771

114 yoda5477 the Chopper (level 4, -3/35 HPs)
             Began as a Demonspawn Fighter on Dec 9, 2021.
             Killed from afar by an orc wizard (8 damage)
             ... with a magic dart
             ... on level 2 of the Dungeon.
             The game lasted 00:07:50 (3415 turns).

yoda5477 the Chopper (Demonspawn Fighter)           Turns: 3415, Time: 00:07:50

Health: -3/35      AC:  6    Str: 18    XL:     4   Next: 67%
Magic:  4/4        EV: 12    Int: 10    God:
Gold:   109        SH:  4    Dex: 12    Spells: 3/3 levels left

rFire   . . .      SeeInvis .   a - +0 war axe
rCold   . . .      Faith    .   c - +0 buckler
rNeg    + . .      Spirit   .   b - +0 scale mail
rPois   +          Reflect  .   (no helmet)
rElec   .          Harm     .   (no cloak)
rCorr   .          Rampage  .   (no gloves)
Will    .....                   (no boots)
Stlth   ..........              (no amulet)
HPRegen 0.11/turn               l - ring of poison resistance
MPRegen 0.09/turn               u - ring of positive energy

@: no status effects
A: repulsion field 2, powered by pain 1
a: no special abilities


You were on level 2 of the Dungeon.
You visited 1 branch of the dungeon, and saw 4 of its levels.

You collected 109 gold pieces.

Inventory:

Hand Weapons
 a - a +0 war axe (weapon)
Missiles
 f - 100 stones (quivered)
 g - 13 sling bullets
Armour
 b - a +0 scale mail (worn)
 c - a +0 buckler (worn)
Magical Staves
 k - a staff of conjuration
Jewellery
 l - a ring of poison resistance (left hand)
 o - a ring of wizardry
 u - a ring of positive energy (right hand)
 x - a ring of wizardry
 y - a +6 ring of strength
Scrolls
 e - a scroll of teleportation {unknown}
 m - 2 scrolls of vulnerability {unknown}
 n - a scroll of enchant weapon {unknown}
 q - a scroll of identify {unknown}
 r - a scroll of torment {unknown}
 s - a scroll of magic mapping {unknown}
 t - a scroll of enchant armour {unknown}
 v - a scroll of noise {unknown}
Potions
 d - 2 potions of might
 h - 2 potions of degeneration {unknown}
 i - a potion of heal wounds {unknown}
 j - a potion of flight {unknown}
 p - a potion of lignification {unknown}
 w - a potion of attraction {unknown}
 z - a potion of mutation {unknown}


   Skills:
 - Level 3.0 Fighting
 * Level 4.0 Axes
 - Level 2.6 Armour
 * Level 2.0 Stealth
 - Level 2.6 Shields


You had 3 spell levels left.
You didn't know any spells.
Your spell library contained the following spells:

 Spells                   Type           Power      Damage    Failure   Level
 Summon Small Mammal      Summ           0%         N/A       82%         1
 Call Canine Familiar     Summ           0%         N/A       99%         3
 Gell's Gravitas          Tloc           0%         N/A       99%         3
 Portal Projectile        Hex/Tloc       0%         N/A       99%         3
 Summon Guardian Golem    Hex/Summ       0%         N/A       99%         3
 Teleport Other           Tloc           0%         N/A       99%         3
 Alistair's Intoxication  Tmut/Pois      0%         N/A       100%        5
 Blade Hands              Tmut           0%         N/A       100%        5
 Borgnjor's Vile Clutch   Necr/Erth      0%         N/A       100%        5
 Excruciating Wounds      Necr           0%         N/A       100%        5
 Dispersal                Tloc           0%         N/A       100%        6
 Eringya's Noxious Bog    Tmut/Pois      0%         N/A       100%        6


Dungeon Overview and Level Annotations

Branches:
Dungeon (4/15)
 Temple: D:4-7

Altars:


Innate Abilities, Weirdness & Mutations

You are surrounded by a moderate repulsion field. (EV +3)
You sometimes gain a little power by taking damage.


Message History

Press: ? - help, Q - select action Shift-Dir - straight line, f/p - orc
Aim: an orc, wielding a +0 falchion, wearing a +0 leather armour and quivering boomerangs of dispersal (lightly wounded, 57% to hit)
You throw a stone. The stone barely misses the orc.
The orc throws a boomerang of dispersal.
The boomerang of dispersal closely misses you.
You block the orc's attack.
You barely miss the orc.
There is a stone staircase leading up here.
Something hits you. The orc hits you with a +0 falchion.
You slash the orc!
You kill the orc!
You miss something.
You hear some strange, mumbled words.
A puff of flame appears from out of thin air!
The puff of flame hits you.
You hear some strange, mumbled words.
A puff of flame appears from out of thin air!
The puff of flame hits you!
There is a stone staircase leading up here.
Something hits you.
You climb upwards.
Reactivating autopickup.
There is a stone staircase leading down here.
You start resting.
Something hits you.
Deactivating autopickup; reactivate with Ctrl-A.
You miss something.
You hear some strange, mumbled words.
Something tries to affect you, but you resist.
You hit something. Something hits you but does no damage.
You miss something. Something hits you but does no damage. Something hits you.
You slash something!
You hear some strange, mumbled words.
A magic dart appears from out of thin air!
The magic dart hits you!
* * * LOW HITPOINT WARNING * * *
Your scale mail prevents you from hitting something.
You hear some strange, mumbled words.
A magic dart appears from out of thin air!
The magic dart hits you!
You die...

#.# #.###########
###...........#
....#########.#
.#...## #.# #.....##
###.### .......##
#.....#
........###.###.#####
.<..........# #)@{..#
........###.###.###.#
........# #.....# #.#
#.....#.# ##..### #.#
##...##.###.#.## #.#
..#.###.##.###.# #.#
#.#.#
#.###.#.#####.##
#.#.# #.#
#..........# #.#.#
#.# #..######..#


There were no monsters in sight!

Vanquished Creatures
  3 adders
  A worm (D:3)
  3 dart slugs
  4 orcs
  8 bats
  9 endoplasms
  3 giant cockroaches
  4 goblins
  4 hobgoblins
  5 jackals (D:1)
  3 quokkas
  7 ball pythons
  3 frilled lizards
  6 kobolds
  7 rats
70 creatures vanquished.

Notes
Turn   | Place    | Note
-------+----------+-------------------------------------------
     0 | D:1      | yoda5477 the Demonspawn Fighter began the quest for the
                  | Orb.
     0 | D:1      | Reached XP level 1. HP: 18/18 MP: 1/1
    56 | D:1      | Reached skill level 2 in Axes
   335 | D:1      | Found a faded altar of an unknown god.
   355 | D:1      | Reached skill level 1 in Stealth
   543 | D:1      | Gained mutation: You are surrounded by a mild repulsion
                  | field. (EV +2) [demonic ancestry]
   543 | D:1      | Reached XP level 2. HP: 24/24 MP: 2/2
   888 | D:1      | Gained mutation: You are surrounded by a moderate repulsion
                  | field. (EV +3) [demonic ancestry]
   888 | D:1      | Reached XP level 3. HP: 20/29 MP: 3/3
  1617 | D:1      | Reached skill level 3 in Axes
  2278 | D:2      | Gained mutation: You sometimes gain a little power by
                  | taking damage. [demonic ancestry]
  2278 | D:2      | Reached XP level 4. HP: 35/35 MP: 4/4
  3385 | D:2      | Reached skill level 4 in Axes
  3415 | D:2      | Killed from afar by an orc wizard

Illustrated notes

Levels and vault maps discovered:
D:1:      saegor_arrival_fortress, layout_loops_ring,
          hellmonk_ecumenical_altar_heavens_door, minmay_misc_feat_iff,
          minivault_11
D:2:      minmay_spotlight, layout_loops_ring
D:3:      kennysheep_goblin_castle, layout_rooms, lemuel_tele_altar,
          due_unseen_surprise
D:4:      layout_gridville, mainiacjoe_overflow_boulevard,
          minmay_temple_entry_glass, serial_shops, nicolae_shop_waterfront,
          nicolae_shop_statue_plus, shop, nicolae_shop_advertising_works
          [nicolae_subvault_shop_adworks], minmay_misc_feat_more_columns,
          uniq_pikel, uniq_edmund, uniq_ijyb, uniq_eustachio

Skill      XL: |  1  2  3  4 |
---------------+-------------+-----
Axes           | 2 3 4 |  4.0
Stealth        | 1 2 |  2.0
Fighting       | |  3.0
Armour         | |  2.6
Shields        | |  2.6

Action                   |  1- 3 |  4- 6 || total
-------------------------+-------+-------++-------
Melee: War axe           |   147 |    83 ||   230
Throw: Stone             |       |     3 ||     3
Armor: Scale mail        |    68 |    42 ||   110
Dodge: Dodged            |   101 |    59 ||   160
Block: Buckler           |    35 |    25 ||    60

Table legend: (Time is in decaauts)
 A = Elapsed time spent in this place.
 B = Non-inter-level travel time spent in this place.
 C = Inter-level travel time spent in this place.
 D = Time resting spent in this place.
 E = Time spent auto-exploring this place.
 F = Levels seen in this place.
 G = Mean time per level.
                   A        B        C        D        E       F      G
               +--------+--------+--------+--------+--------+-----+--------+
         Total |   3506 |   3406 |    100 |    841 |   1885 |   4 |  876.5 |
       Dungeon |   3506 |   3406 |    100 |    841 |   1885 |   4 |  876.5 |
               +--------+--------+--------+--------+--------+-----+--------+

Top non-repeatable levels by time:
     D:1: 1918 daAuts
     D:2: 1088 daAuts
     D:3: 498 daAuts
     D:4: 1 daAuts
